 Dungeon Crawl Stone Soup version 0.30.0-29-ga12c61a403 (webtiles) character file.

Game seed: 13335708431908323349

31 monsoonserge the Magician (level 3, 25/25 HPs)
             Began as a Gnoll Wanderer on June 12, 2023.
             Was an Initiate of Ashenzari.
             Quit the game on level 1 of the Dungeon.
             The game lasted 00:05:41 (650 turns).

monsoonserge the Magician (Gnoll Wanderer)           Turns: 650, Time: 00:05:41

Health: 25/25      AC:  5    Str:  9    XL:     3   Next: 22%
Magic:  11/11      EV:  9    Int: 19    God:    Ashenzari [......]
Gold:   57         SH:  4    Dex:  7    Spells: 15/16 levels left

rFire   . . .        l - +0 spear
rCold   . . .        d - +0 buckler "Eternal Together" {Fort, Evo} (curse)
rNeg    . . .        j - +0 ring mail
rPois   .            (no helmet)
rElec   .            (no cloak)
rCorr   .            (no gloves)
SInv    .            (no boots)
Will    .....        (no amulet)
Stlth   +            (no ring)
HPRegen 0.24/turn    (no ring)
MPRegen 0.12/turn

%: no passive effects
@: no status effects
A: fangs 1, strong nose, distributed training
a: Renounce Religion, Shatter the Chains


You were on level 1 of the Dungeon.
You worshipped Ashenzari.
Ashenzari was noncommittal.
You visited 1 branch of the dungeon, and saw 1 of its levels.

You collected 57 gold pieces.

Inventory:

Hand Weapons
 l - a +0 spear (weapon)
Missiles
 e - 17 stones (quivered)
 i - 5 poisoned darts
Armour
 c - a +0 robe
 d - the cursed +0 buckler "Eternal Together" (worn) {Fort, Evo}

   It has a curse which improves the following skills: Fortitude: Armour and
   Shields.
   Evocations: Evocations.
 g - a +0 chain mail
 j - a +0 ring mail (worn)
Scrolls
 f - a scroll of enchant weapon {unknown}
 h - a scroll of identify {unknown}
 k - a scroll of teleportation {unknown}
 m - a scroll of blinking {unknown}
Potions
 a - 2 potions of might {unknown}
 b - 2 potions of curing


   Skills:
 + Level 0.7 Fighting
 + Level 0.7 Short Blades
 + Level 0.7 Long Blades
 + Level 0.7 Axes
 + Level 0.7 Maces & Flails
 + Level 0.7 Polearms
 + Level 0.7 Staves
 + Level 0.7 Ranged Weapons
 + Level 0.7 Throwing
 + Level 2.6(2.9) Armour
 + Level 0.7 Dodging
 + Level 2.3 Stealth
 + Level 4.5(4.9) Shields
 + Level 0.7 Unarmed Combat
 + Level 7.1 Spellcasting
 + Level 0.5 Conjurations
 + Level 0.5 Hexes
 + Level 0.5 Summonings
 + Level 0.5 Necromancy
 + Level 0.5 Translocations
 + Level 2.1 Transmutations
 + Level 0.5 Fire Magic
 + Level 0.5 Ice Magic
 + Level 0.5 Air Magic
 + Level 0.5 Earth Magic
 + Level 3.7 Poison Magic
 + Level 0.9 Invocations
 + Level 0.7(1.0) Evocations


You had 15 spell levels left.
You knew the following spells:

 Your Spells              Type           Power      Damage    Failure   Level
a - Sting                 Tmut/Pois      72%        1d6       12%         1

Your spell library contained the following spells:

 Spells                   Type           Power      Damage    Failure   Level
 Beastly Appendage        Tmut           28%        N/A       16%         1
 Poisonous Vapours        Pois/Air       28%        N/A       24%         2
 Spider Form              Tmut/Pois      18%        N/A       34%         3
 Ignite Poison            Fire/Tmut/Pois 14%        N/A       43%         3


Dungeon Overview and Level Annotations

Branches:
Dungeon (1/15)

Altars:
Ashenzari

Shops:
D:1 (=!(


Innate Abilities, Weirdness & Mutations

You have very sharp teeth.
Your uncanny sense of smell can sniff out nearby items.
Your experience applies equally to all skills.


Message History

The giant cockroach bites you but does no damage.
Casting: Sting (safe; 12% risk of failure)
Confirm with . or Enter, or press ? or * to list all spells.
Aiming: Sting (safe; 12% risk of failure)
Press: ? - help, Shift-Dir - straight line, f - rat
Aim: a rat (74% to hit)
The sting hits the rat but does no damage.
The rat is poisoned.
The giant cockroach closely misses you. The rat bites you but does no damage.
The giant cockroach bites you but does no damage.
You hit the giant cockroach.
The giant cockroach is severely wounded.
The rat bites you but does no damage. The giant cockroach barely misses you.
You hit the giant cockroach but do no damage.
The giant cockroach is severely wounded.
The rat barely misses you. The giant cockroach barely misses you.
The rat barely misses you.
You hit the giant cockroach but do no damage.
The giant cockroach is severely wounded.
The giant cockroach bites you. The rat closely misses you.
You hit the giant cockroach.
You kill the giant cockroach!
You kill the rat!
Your magical contamination has completely faded away.
Found a scroll labelled WIEGIPYNNEK.
You now have 57 gold pieces (gained 13).
There is a faded altar of an unknown god here.
This altar belongs to (a) Ashenzari, (b) Makhleb or (c) Okawaru, but you can't tell which.
Press the corresponding letter to learn more about a god, or press enter to convert or escape to cancel.
Okay, then.
m - a scroll labelled WIEGIPYNNEK
There are no items here.
There is a faded altar of an unknown god here.
This altar belongs to (a) Ashenzari, (b) Makhleb or (c) Okawaru, but you can't tell which.
Press the corresponding letter to learn more about a god, or press enter to convert or escape to cancel.
Ashenzari accepts your prayer! Ashenzari welcomes you!
Ashenzari warns you of distant threats and treasures.
Ashenzari reveals the structure of the dungeon to you.
Ashenzari shows you where magical portals lie.
Okay, then.
Ashenzari invites you to partake of a vision and a curse of fortitude and evocations.
Okay, then.
Your +0 buckler glows black for a moment.
Are you sure you want to abandon this character and quit the game? (Confirm with "yes".)

#.##.#.......#.#...†...#
#..###.#)#####)#..###..# ##..#
#..###....#..###..## ##..##
##..#######..#.....#
#....###..................#
#.#...#...#...............##
####.....###..)............#.
##._.## ##.......>........
#####.....###@................
#..#...#...#........##...###.#
#.....###...........##...###.#
#..#..##
##..#######.##....##..
#.###..# #..## ###...##.. #.
##..##### #.....†. # ...#
.......###. #...# #.#####.# #.
..... #.# #.


There were no monsters in sight!

Vanquished Creatures
  5 ball pythons (D:1)
  4 bats (D:1)
  3 endoplasms (D:1)
  3 giant cockroaches (D:1)
  A goblin (D:1)
  3 hobgoblins (D:1)
  A kobold (D:1)
  A quokka (D:1)
  2 frilled lizards (D:1)
  4 rats (D:1)
27 creatures vanquished.

Notes
Turn   | Place    | Note
-------+----------+-------------------------------------------
     0 | D:1      | monsoonserge the Gnoll Wanderer began the quest for the
                  | Orb.
     0 | D:1      | monsoonserge set off with the following items: a +0 club, a
                  | potion of curing, a +0 robe, a +0 buckler; and the
                  | following spells available to memorise: Sting, Beastly
                  | Appendage, Poisonous Vapours, Spider Form, Ignite Poison.
     0 | D:1      | Reached XP level 1. HP: 13/13 MP: 8/8
     2 | D:1      | Learned a level 1 spell: Sting
    50 | D:1      | Reached XP level 2. HP: 19/19 MP: 1/10
   217 | D:1      | Found Dacs's Weapon Shoppe.
   434 | D:1      | Found Situo's Distillery.
   439 | D:1      | Found Gudychuph's Jewellery Shop.
   459 | D:1      | Reached XP level 3. HP: 25/25 MP: 9/11
   585 | D:1      | Found Sasisax's Weapon Emporium.
   594 | D:1      | Found a faded altar of an unknown god.
   622 | D:1      | Prayed at the altar of an unknown god.
   622 | D:1      | Became a worshipper of Ashenzari the Shackled
   650 | D:1      | Quit the game

Illustrated notes

Levels and vault maps discovered:
D:1:      roderic_crop_circles_arrival_large, layout_loops_cross, serial_shops,
          nicolae_shop_tiny_statue_garden, shop, shop, shop,
          nicolae_ecumenical_snake_handling

Skill      XL: |  1 |
---------------+----+-----
Transmutations | 2 |  2.1
Fighting       | |  0.7
Short Blades   | |  0.7
Long Blades    | |  0.7
Axes           | |  0.7
Maces & Flails | |  0.7
Polearms       | |  0.7
Staves         | |  0.7
Ranged Weapons | |  0.7
Throwing       | |  0.7
Armour         | |  2.6
Dodging        | |  0.7
Stealth        | |  2.3
Shields        | |  4.5
Unarmed Combat | |  0.7
Spellcasting   | |  7.1
Conjurations   | |  0.5
Hexes          | |  0.5
Summonings     | |  0.5
Necromancy     | |  0.5
Translocations | |  0.5
Fire Magic     | |  0.5
Ice Magic      | |  0.5
Air Magic      | |  0.5
Earth Magic    | |  0.5
Poison Magic   | |  3.7
Invocations    | |  0.9
Evocations     | |  0.7

Action                     || total
---------------------------++-------
  Melee: Club              ||    31
         Bite              ||     5
         Spear             ||     7
   Cast: Sting             ||    35
 Invoke: Curse Item        ||     1
 Armour: Robe              ||    10
         Ring mail         ||    12
  Dodge: Dodged            ||    45
  Block: Buckler           ||    10
